 Dungeon Crawl Stone Soup version 0.21-a0-509-gecc5317 (webtiles) character file.

104 galech the Ruffian (level 4, -1/44 HPs)
             Began as a Troll Monk on Nov 30, 2017.
             Slain by Sigmund
             ... wielding a +0 scythe
              (7 damage)
             ... on level 3 of the Dungeon.
             The game lasted 00:03:04 (2174 turns).

galech the Ruffian (Troll Monk)                     Turns: 2174, Time: 00:03:05

Health: -1/44      AC:  5    Str: 20    XL:     4   Next: 52%
Magic:  3/3        EV: 10    Int:  6    God:
Gold:   118        SH:  0    Dex: 12    Spells: 3/3 levels left

rFire    . . .     SeeInvis .     - Unarmed
rCold    . . .     Gourm    +   (no shield)
rNeg     . . .     Faith    .   a - +0 robe
rPois    .         Spirit   .   (helmet restricted)
rElec    .         Reflect  .   (no cloak)
rCorr    .         Harm     .   (gloves unavailable)
MR       .....                  (boots unavailable)
Stlth    ++........             (no amulet)
HPRegen  0.54/turn              c - +2 ring of slaying
MPRegen  0.08/turn              h - ring of stealth

@: confused
A: large, unfitting armour, claws 3, fast metabolism 3, gourmand, regeneration
1, shaggy fur 1, tough skin 2
a: no special abilities


You were on level 3 of the Dungeon.
You were completely stuffed.

You visited 1 branch of the dungeon, and saw 3 of its levels.

You collected 118 gold pieces.

Inventory:

Armour
 a - a +0 robe (worn)
Jewellery
 c - a +2 ring of slaying (left claw)
 h - a ring of stealth (right claw)
 n - an uncursed ring of positive energy {unknown}
 q - an uncursed ring of stealth
Scrolls
 d - 3 scrolls of enchant armour {unknown}
 e - a scroll of amnesia {unknown}
 g - 3 scrolls of remove curse {unknown}
 i - 2 scrolls of enchant weapon {unknown}
 j - a scroll of fog {unknown}
 k - 2 scrolls of magic mapping {unknown}
 m - a scroll of noise {unknown}
 o - 2 scrolls of identify {unknown}
Potions
 f - a potion of magic {unknown}
 p - a potion of berserk rage {unknown}
 r - a potion of might {unknown}
 t - a potion of haste {unknown}
 u - a potion of curing {unknown}
 v - a potion of lignification {unknown}
 w - 2 potions of agility {unknown}
Comestibles
 b - 2 bread rations
 l - 2 royal jellies


   Skills:
 + Level 2.8 Fighting
 + Level 2.8 Dodging
 + Level 1.7 Stealth
 + Level 4.0 Unarmed Combat


You had 3 spell levels left.
You didn't know any spells.

Dungeon Overview and Level Annotations

Branches:
Dungeon (3/15)

Altars:
Nemelex Xobeh

Annotations:
D:3 Sigmund


Innate Abilities, Weirdness & Mutations

You are too large for most types of armour.
You have claws for hands.
Your metabolism is lightning-fast.
You like to eat raw meat.
Your natural rate of healing is unusually fast.
You are covered in fur. (AC +1)
You have very tough skin. (AC +2)


Message History

You are too injured to fight recklessly!
You miss something. You closely miss something.
Something hits you but does no damage.
You scratch something. You scratch something but do no damage.
Something hits you!
* * * LOW HITPOINT WARNING * * *
You claw something! Something hits you!
* * * LOW HITPOINT WARNING * * *
You barely miss something. Something hits you but does no damage.
The gnoll drinks a potion.
The gnoll flickers and vanishes!
The rat twitches its whiskers.
You are confused.
You bump into the rock wall.
You bump into the rock wall.
Something hits you but does no damage.
You miss something. The gnoll hits you with a whip.
* * * LOW HITPOINT WARNING * * *
Something hits you!
You die...

... #.#
#.# #)#
#g# #.#
#.########
#{g..)...#
#@######.#
#.# #.#
#.######.#
#........#
#######..#
#..# ##..#
#...#
#..##


You could see 2 gnolls.

Vanquished Creatures
  A gnoll (D:3)
  4 adders (D:2)
  2 oozes (D:2)
  2 leopard geckos
  An orc (D:3)
  4 giant cockroaches
  2 goblins
  6 hobgoblins
  7 kobolds
  3 quokkas (D:2)
  4 bats
  4 frilled lizards (D:1)
  5 rats
45 creatures vanquished.

Notes
Turn   | Place    | Note
-------+----------+-------------------------------------------
     0 | D:1      | galech the Troll Monk began the quest for the Orb.
     0 | D:1      | Reached XP level 1. HP: 22/22 MP: 0/0
   717 | D:1      | Reached XP level 2. HP: 29/29 MP: 1/1
  1157 | D:2      | Reached XP level 3. HP: 36/36 MP: 2/2
  1441 | D:2      | Found a sparkling altar of Nemelex Xobeh.
  1550 | D:2      | Reached XP level 4. HP: 44/44 MP: 3/3
  2124 | D:3      | Reached skill level 4 in Unarmed Combat
  2150 | D:3      | Noticed Sigmund
  2174 | D:3      | Slain by Sigmund

Vault maps used:
D:1:      nagdon_arrival_double_spiral, serial_co_window_serial,
          co_window_of_opportunity_a, co_window_of_opportunity_a,
          co_window_corner_a, co_window_paths_a, co_window_paths_b,
          co_window_corner_a, co_window_paths_b, co_window_of_opportunity_a,
          co_window_of_opportunity_a, co_window_corner_b, co_window_corner_b,
          co_window_corner_b, co_window_broadway_b, co_window_corner_ca,
          co_window_unsneaky_path_c, glass_columns_a
D:2:      overflow_temple_1_default
D:3:      cheibrodos_greedy_goblins, chequers_temple_overflow_minitemple,
          uniq_sigmund

Skill      XL: |  1  2  3  4 |
---------------+-------------+-----
Unarmed Combat | 4 |  4.0
Fighting       | |  2.8
Dodging        | |  2.8
Stealth        | |  1.7

Action                   |  1- 3 |  4- 6 || total
-------------------------+-------+-------++-------
Melee: Unarmed           |    73 |    34 ||   107
       Punch             |     1 |       ||     1
 Stab: Sleeping          |     8 |     5 ||    13
  Eat: Chunk             |    15 |     6 ||    21
       Bread ration      |     1 |       ||     1
Armor: Robe              |    18 |     6 ||    24
Dodge: Dodged            |    25 |    14 ||    39

Table legend:
 A = Spawn XP
 B = Non-spawn XP
 C = Spawn XP percentage of total XP
 D = Spawn monster count
 E = Non-spawn monster count
 F = Spawn count percentage of total count
 G = Total turns spent on level
                    A         B        C        D         E        F      G
               +---------+---------+-------+---------+---------+-------+---------
         Total |       0 |     149 |   0.0 |       0 |      45 |   0.0 |  2174
               +---------+---------+-------+---------+---------+-------+---------
           D:1 |       0 |      20 |   0.0 |       0 |      13 |   0.0 |  1016
           D:2 |       0 |     105 |   0.0 |       0 |      26 |   0.0 |  1084
           D:3 |       0 |      24 |   0.0 |       0 |       6 |   0.0 |    74
               +---------+---------+-------+---------+---------+-------+---------
